PA
CALDWELL CHIEFS @ CHICAGO GOLD SOX
07/27/2037
 
TOP OF THE 1ST
Caldwell Chiefs batting - Pitching for Chicago Gold Sox : LHP Héctor Cantú
Pitching: LHP Héctor Cantú
Batting: RHB Junji Ito 0-0: Ball
1-0: Ball
2-0: Called Strike
2-1: Swinging Strike
2-2: Foul Ball, location: 2F
2-2: Strikes out swinging
Batting: RHB Miguel Contreras 0-0: Ball
1-0: Swinging Strike
1-1: Called Strike
1-2: Strikes out swinging
Batting: RHB Chris McBride 0-0: Called Strike
0-1: Swinging Strike
0-2: Strikes out swinging
Top of the 1st over - 0 runs, 0 hits, 0 errors, 0 left on base; Caldwell 0 - Chicago 0
BOTTOM OF THE 1ST
Chicago Gold Sox batting - Pitching for Caldwell Chiefs : LHP Kyle Garlick
Pitching: LHP Kyle Garlick
Batting: RHB John Ryan 0-0: Ball
1-0: Foul Ball, location: 2F
1-1: Ball
2-1: Ball
3-1: Swinging Strike
3-2: Fly out, F7 (Flyball, 7D, EV 106.2 MPH)
Batting: SHB José García 0-0: Ball
1-0: Swinging Strike
1-1: Ball
2-1: Swinging Strike
2-2: Ball
3-2: Base on Balls
Batting: RHB Estanislao Hirigoyen 0-0: SINGLE (Line Drive, 7S, EV 93.1 MPH)
José García to second
Batting: RHB Seung-hwan Pak 0-0: Called Strike
0-1: Ball
1-1: Fly out, F9 (Flyball, 9LM, EV 98.8 MPH)
Batting: RHB Garm van Opdorp 0-0: Called Strike
0-1: Ball
1-1: Foul Ball, location: 2F
1-2: Strikes out swinging
Bottom of the 1st over - 0 runs, 1 hit, 0 errors, 2 left on base; Caldwell 0 - Chicago 0
TOP OF THE 2ND
Caldwell Chiefs batting - Pitching for Chicago Gold Sox : LHP Héctor Cantú
Batting: RHB Daron Mack 0-0: Called Strike
0-1: Ball
1-1: Swinging Strike
1-2: Foul Ball, location: 2F
1-2: Strikes out swinging
Batting: LHB Tillmam Cru 0-0: Swinging Strike
0-1: Called Strike
0-2: Ground out 6-3 (Groundball, 6, EV 78.1 MPH)
Batting: RHB Josip Primorac 0-0: Called Strike
0-1: Ball
1-1: Foul Ball, location: 2F
1-2: Fly out, F7 (Flyball, 7LS, EV 93.8 MPH)
Top of the 2nd over - 0 runs, 0 hits, 0 errors, 0 left on base; Caldwell 0 - Chicago 0
BOTTOM OF THE 2ND
Chicago Gold Sox batting - Pitching for Caldwell Chiefs : LHP Kyle Garlick
Batting: RHB John Batman 0-0: Called Strike
0-1: Ball
1-1: Swinging Strike
1-2: Ball
2-2: Ball
3-2: Foul Ball, location: 2F
3-2: SINGLE (Line Drive, 78M, EV 105.6 MPH)
Batting: SHB Lai-hsiang Loh 0-0: Ball
1-0: Foul Ball, location: 2F
1-1: Foul Ball, location: 2F
1-2: Ball
2-2: Fielders Choice at 2nd, 5-4 (Groundball, 56, EV 82.5 MPH)
Batting: RHB Sergio Aguero 0-0: Called Strike
0-1: Grounds into double play, 6-4-3 (Groundball, 6, EV 89.4 MPH)
Bottom of the 2nd over - 0 runs, 1 hit, 0 errors, 0 left on base; Caldwell 0 - Chicago 0
TOP OF THE 3RD
Caldwell Chiefs batting - Pitching for Chicago Gold Sox : LHP Héctor Cantú
Batting: RHB Dean Shamakani 0-0: SINGLE (Groundball, 4D, EV 98.1 MPH)
Batting: RHB Sayed Walid 0-0: Called Strike
0-1: Foul Ball, location: 2F
Pickoff Throw to First - Error! E1
Dean Shamakani to second
0-2: Ground out 4-3 (Groundball, 4, EV 85.0 MPH)
Dean Shamakani to third
Batting: RHB Jacob King 0-0: Ball
1-0: Foul Ball, location: 2F
1-1: SINGLE (Line Drive, 4M, EV 96.2 MPH)
Dean Shamakani scores
Batting: RHB Junji Ito 0-0: Swinging Strike
0-1: Ball
1-1: Called Strike
1-2: Foul Ball, location: 2F
1-2: Ball
2-2: Foul Ball, location: 2F
2-2: SINGLE (Flyball, 9S, EV 86.9 MPH)
Jacob King to second
Batting: RHB Miguel Contreras 0-0: Called Strike
0-1: Foul Ball, location: 2F
0-2: Ball
1-2: Ball
2-2: Fly out, F8 (Flyball, 8LM, EV 94.4 MPH)
Batting: RHB Chris McBride 0-0: Ball
1-0: Ball
2-0: Fly out, F8 (Line Drive, 8LM, EV 108.1 MPH)
Top of the 3rd over - 1 run, 3 hits, 1 error, 2 left on base; Caldwell 1 - Chicago 0
BOTTOM OF THE 3RD
Chicago Gold Sox batting - Pitching for Caldwell Chiefs : LHP Kyle Garlick
Batting: RHB Roberto Díaz 0-0: Foul Ball, location: 2F
0-1: Ground out 6-3 (Groundball, 6, EV 87.5 MPH)
Batting: RHB John Ryan 0-0: Called Strike
0-1: Ball
1-1: SINGLE (Line Drive, 7LS, EV 105.0 MPH)
Batting: SHB José García 0-0: Swinging Strike
0-1: Swinging Strike
0-2: Ball
1-2: Foul Ball, location: 2F
1-2: Fly out, F9 (Flyball, 9LSF, EV 91.9 MPH)
Batting: RHB Estanislao Hirigoyen 0-0: Ball
1-0: Ball
Wild Pitch!
John Ryan to second
2-0: Called Strike
2-1: Fly out, F9 (Flyball, 89M, EV 90.0 MPH)
Bottom of the 3rd over - 0 runs, 1 hit, 0 errors, 1 left on base; Caldwell 1 - Chicago 0
TOP OF THE 4TH
Caldwell Chiefs batting - Pitching for Chicago Gold Sox : LHP Héctor Cantú
Batting: RHB Daron Mack 0-0: Ball
1-0: Called Strike
1-1: Foul Ball, location: 2F
1-2: Fly out, F5 (Popup, 5F, EV 73.8 MPH)
Batting: LHB Tillmam Cru 0-0: Ball
1-0: Ball
2-0: Ball
3-0: Called Strike
3-1: Foul Ball, location: 2F
3-2: Foul Ball, location: 2F
3-2: Base on Balls
Batting: RHB Josip Primorac 0-0: Ball
1-0: Called Strike
1-1: Ball
Wild Pitch!
Tillmam Cru to second
2-1: Foul Ball, location: 2F
2-2: Strikes out swinging
Batting: RHB Dean Shamakani 0-0: Ball
1-0: SINGLE (Groundball, 6, EV 91.9 MPH) (infield hit)
Tillmam Cru to third
Batting: RHB Sayed Walid 0-0: Ball
1-0: Ball
2-0: Foul Ball, location: 2F
2-1: Called Strike
2-2: Strikes out swinging
Top of the 4th over - 0 runs, 1 hit, 0 errors, 2 left on base; Caldwell 1 - Chicago 0
BOTTOM OF THE 4TH
Chicago Gold Sox batting - Pitching for Caldwell Chiefs : LHP Kyle Garlick
Batting: RHB Seung-hwan Pak 0-0: Called Strike
0-1: Ball
1-1: Foul Ball, location: 2F
1-2: Foul Ball, location: 2F
1-2: Foul Ball, location: 2F
1-2: SOLO HOME RUN (Flyball, 7LD, EV 109.4 MPH), Distance : 367 ft
Batting: RHB Garm van Opdorp 0-0: Ball
1-0: Ball
2-0: Called Strike
2-1: Ground out 6-3 (Groundball, 6MS, EV 88.8 MPH)
Batting: RHB John Batman 0-0: Ground out 3-1 (Groundball, 34, EV 89.4 MPH)
Batting: SHB Lai-hsiang Loh 0-0: Swinging Strike
0-1: Called Strike
0-2: Ball
1-2: Ball
2-2: Ball
3-2: Foul Ball, location: 2F
3-2: Strikes out swinging
Bottom of the 4th over - 1 run, 1 hit, 0 errors, 0 left on base; Caldwell 1 - Chicago 1
TOP OF THE 5TH
Caldwell Chiefs batting - Pitching for Chicago Gold Sox : LHP Héctor Cantú
Batting: RHB Jacob King 0-0: Ball
1-0: Called Strike
1-1: Fly out, F8 (Flyball, 89S, EV 86.9 MPH)
Batting: RHB Junji Ito 0-0: Ball
1-0: Ball
2-0: Ball
3-0: Called Strike
3-1: Swinging Strike
3-2: Foul Ball, location: 2F
3-2: Foul Ball, location: 2F
3-2: Reached on error, E1 (Groundball, 15S, EV 69.4 MPH)
Batting: RHB Miguel Contreras 0-0: Foul Ball, location: 2F
0-1: Called Strike
0-2: Ball
1-2: Fly out, F9 (Flyball, 9LSF, EV 94.4 MPH)
Batting: RHB Chris McBride 0-0: Ball
1-0: Ball
2-0: Foul Ball, location: 2F
2-1: Ball
3-1: Fielders Choice at 2nd, 5-4 (Groundball, 56, EV 109.4 MPH)
Top of the 5th over - 0 runs, 0 hits, 1 error, 1 left on base; Caldwell 1 - Chicago 1
BOTTOM OF THE 5TH
Chicago Gold Sox batting - Pitching for Caldwell Chiefs : LHP Kyle Garlick
Batting: RHB Sergio Aguero 0-0: Ball
1-0: Foul Ball, location: 2F
1-1: Foul Ball, location: 2F
1-2: Strikes out swinging
Batting: RHB Roberto Díaz 0-0: Called Strike
0-1: Ball
1-1: Fly out, F5 (Popup, 5F, EV 59.4 MPH)
Batting: RHB John Ryan 0-0: Foul Ball, location: 2F
0-1: Called Strike
0-2: Ball
1-2: Ball
2-2: Strikes out swinging
Bottom of the 5th over - 0 runs, 0 hits, 0 errors, 0 left on base; Caldwell 1 - Chicago 1
TOP OF THE 6TH
Caldwell Chiefs batting - Pitching for Chicago Gold Sox : LHP Héctor Cantú
Batting: RHB Daron Mack 0-0: Ball
1-0: Ball
2-0: Foul Ball, location: 2F
2-1: Ground out 1-3 (Groundball, 34S, EV 81.9 MPH)
Batting: LHB Tillmam Cru 0-0: Called Strike
0-1: Foul Ball, location: 2F
0-2: Foul Ball, location: 2F
0-2: Foul Ball, location: 2F
0-2: Ball
1-2: Ground out 1-3 (Groundball, 13S, EV 65.0 MPH)
Batting: RHB Josip Primorac 0-0: Called Strike
0-1: Fly out, F9 (Flyball, 9, EV 70.0 MPH)
Top of the 6th over - 0 runs, 0 hits, 0 errors, 0 left on base; Caldwell 1 - Chicago 1
BOTTOM OF THE 6TH
Chicago Gold Sox batting - Pitching for Caldwell Chiefs : LHP Kyle Garlick
Batting: SHB José García 0-0: Foul Ball, location: 2F
0-1: Foul Ball, location: 2F
0-2: Strikes out swinging
Batting: RHB Estanislao Hirigoyen 0-0: Called Strike
0-1: Ball
1-1: SINGLE (Groundball, 13S, EV 66.9 MPH) (infield hit)
Batting: RHB Seung-hwan Pak 0-0: Ball
1-0: Swinging Strike
1-1: Ball
2-1: Ball
3-1: Called Strike
3-2: Foul Ball, location: 2F
3-2: SINGLE (Line Drive, 7S, EV 94.4 MPH)
Estanislao Hirigoyen to second
Estanislao Hirigoyen to third
Pitching: RHP Juan Bojórquez
Batting: RHB Garm van Opdorp 0-0: Ball
1-0: Called Strike
1-1: Ball
2-1: SINGLE (Groundball, 4D, EV 96.2 MPH)
Estanislao Hirigoyen scores
Seung-hwan Pak to second
Runner from 2nd tries for 3rd, SAFE, throw by CF made to third
Batting: RHB John Batman 0-0: Ball
1-0: Ball
2-0: SINGLE (Line Drive, 34, EV 96.9 MPH)
Seung-hwan Pak scores
Garm van Opdorp to second
Runner from 2nd tries for 3rd, SAFE, throw by RF made to third
Batting: SHB Lai-hsiang Loh 0-0: Ball
1-0: Fly out, F7 (Flyball, 7D, EV 90.6 MPH)
Runner from 3rd tags up, SCORES, throw by LF
Batting: RHB Sergio Aguero 0-0: Ball
1-0: Called Strike
1-1: Ball
2-1: Foul Ball, location: 2F
2-2: Ground out 4-3 (Groundball, 4, EV 81.9 MPH)
Bottom of the 6th over - 3 runs, 4 hits, 0 errors, 1 left on base; Caldwell 1 - Chicago 4
TOP OF THE 7TH
Caldwell Chiefs batting - Pitching for Chicago Gold Sox : LHP Héctor Cantú
Pitching: RHP Ron Harris
Batting: RHB Dean Shamakani 0-0: Ball
1-0: Foul Ball, location: 2F
1-1: Ball
2-1: SINGLE (Groundball, 6MD, EV 97.5 MPH)
Batting: RHB Sayed Walid 0-0: Swinging Strike
0-1: Ball
1-1: Swinging Strike
1-2: Ground out 6-3 (Groundball, 6D, EV 106.9 MPH)
Dean Shamakani to second
Batting: RHB Jacob King 0-0: Swinging Strike
0-1: Foul Ball, location: 2F
0-2: Ball
1-2: SINGLE (Groundball, 34D, EV 93.8 MPH)
Dean Shamakani to third
Runner from 3rd tries for Home, SAFE, throw by RF to home
Batting: RHB Junji Ito 0-0: Called Strike
0-1: Hit by Pitch
Jacob King to second
Pinch Hitting: LHB Harry Cornelis 0-0: Ball
1-0: Called Strike
1-1: Foul Ball, location: 2F
1-2: Ball
2-2: Ball
3-2: Fly out, F8 (Line Drive, 8RM, EV 101.9 MPH)
Batting: RHB Chris McBride 0-0: Ball
1-0: Ball
2-0: Called Strike
2-1: Swinging Strike
2-2: Strikes out looking
Top of the 7th over - 1 run, 2 hits, 0 errors, 2 left on base; Caldwell 2 - Chicago 4
BOTTOM OF THE 7TH
Chicago Gold Sox batting - Pitching for Caldwell Chiefs : RHP Juan Bojórquez
Now in CF: Harry Cornelis
Batting: RHB Roberto Díaz 0-0: Called Strike
0-1: Ball
1-1: Called Strike
1-2: Fly out, F9 (Flyball, 9S, EV 76.2 MPH)
Batting: RHB John Ryan 0-0: Swinging Strike
0-1: Ball
1-1: Called Strike
1-2: Hit by Pitch
Batting: SHB José García 0-0: Foul Ball, location: 2F
0-1: Ball
1-1: Ball
2-1: Ball
3-1: Fly out, F3 (Popup, 3, EV 65.0 MPH)
Batting: RHB Estanislao Hirigoyen 0-0: Called Strike
0-1: Ball
1-1: Called Strike
1-2: Strikes out swinging
Bottom of the 7th over - 0 runs, 0 hits, 0 errors, 1 left on base; Caldwell 2 - Chicago 4
TOP OF THE 8TH
Caldwell Chiefs batting - Pitching for Chicago Gold Sox : RHP Ron Harris
Batting: RHB Daron Mack 0-0: Fly out, F4 (Popup, 34S, EV 81.9 MPH)
Batting: LHB Tillmam Cru 0-0: Ball
1-0: Called Strike
1-1: Foul Ball, location: 2F
1-2: Ball
2-2: Strikes out looking
Batting: RHB Josip Primorac 0-0: Called Strike
0-1: Ball
1-1: Called Strike
1-2: Ball
2-2: Ball
3-2: Strikes out swinging
Top of the 8th over - 0 runs, 0 hits, 0 errors, 0 left on base; Caldwell 2 - Chicago 4
BOTTOM OF THE 8TH
Chicago Gold Sox batting - Pitching for Caldwell Chiefs : RHP Juan Bojórquez
Batting: RHB Seung-hwan Pak 0-0: Ball
1-0: Foul Ball, location: 2F
1-1: Ball
2-1: Called Strike
2-2: Strikes out swinging
Batting: RHB Garm van Opdorp 0-0: Ball
1-0: Fly out, F8 (Flyball, 89D, EV 91.9 MPH)
Batting: RHB John Batman 0-0: Ball
1-0: Ball
2-0: Ground out 5-3 (Groundball, 56S, EV 73.1 MPH)
Bottom of the 8th over - 0 runs, 0 hits, 0 errors, 0 left on base; Caldwell 2 - Chicago 4
TOP OF THE 9TH
Caldwell Chiefs batting - Pitching for Chicago Gold Sox : RHP Ron Harris
Pitching: RHP Kini Grinter
Batting: RHB Dean Shamakani 0-0: Called Strike
0-1: Swinging Strike
0-2: Ball
1-2: Strikes out swinging
Batting: RHB Sayed Walid 0-0: Ball
1-0: Fly out, F9 (Flyball, 9S, EV 92.5 MPH)
Batting: RHB Jacob King 0-0: Called Strike
0-1: Swinging Strike
0-2: Strikes out swinging
Top of the 9th over - 0 runs, 0 hits, 0 errors, 0 left on base; Caldwell 2 - Chicago 4
Thursday, January 23rd, 2020 - OOTP Baseball 20.8 Build 74